 Dungeon Crawl Stone Soup version 0.30-a0-618-gd6c86c23d0 (webtiles) character file.

Game seed: 17562604509595397338

198399 freelancePsychic the Draconian Blade (level 17, -17/158 HPs)
             Began as a Pale Draconian Monk on Jan 9, 2023.
             Was the Champion of the Shining One.
             Killed from afar by a nagaraja (48 damage)
             ... with a poison arrow
             ... on level 2 of the Snake Pit.
             The game lasted 01:03:48 (35608 turns).

freelancePsychic the Draconian Blade (DrMo)        Turns: 35608, Time: 01:03:49

Health: -17/158    AC: 15    Str: 18    XL:     17   Next: 81%
Magic:  25/28      EV: 29    Int: 15    God:    the Shining One [******]
Gold:   1810       SH:  5    Dex: 36    Spells: 10/16 levels left

rFire   . . .      SeeInvis .    i - +3 triple sword (holy)
rCold   + . .      Faith    .    (shield currently unavailable)
rNeg    + + +      Spirit   .    (body armour unavailable)
rPois   .          Reflect  +    c - +0 hat "Paghev" {rN+ Str+3 Dex+4}
rElec   .          Harm     .    T - +1 cloak
rCorr   .          Rampage  .    M - +2 pair of gloves {hurl}
Will    +....      NoTele   +    x - +0 pair of boots
Stlth   ++                       X - amulet of reflection
HPRegen 0.46/turn                k - ring "Quufi" {rC+ Dex+6}
MPRegen 0.21/turn                z - ring of Taiss {Int+4 Dex+6}

@: lethally poisoned (-17 -> -51), untranslocatable, glowing, constricted
A: breathe steam, AC +9, unfitting armour, cold-blooded, steam resistance
}: 1/15 runes: decaying
a: Breathe Steam, Renounce Religion, Divine Shield, Cleansing Flame, Summon
Divine Warrior


You were on level 2 of the Snake Pit.
You worshipped the Shining One.
The Shining One was exalted by your worship.
You visited 5 branches of the dungeon, and saw 28 of its levels.
You also visited: Bailey, Gauntlet and Ice Cave.

You collected 4900 gold pieces.
You spent 3090 gold pieces at shops.

Inventory:

Hand Weapons
 i - a +3 triple sword of holy wrath (weapon)
 W - the +4 long sword "Goblinbane" {flame, Drain +Blink rF++ rCorr}
   (You bought it in a shop on level 3 of the Dungeon)

   rF:        It greatly protects you from fire.
   +Blink:    It lets you blink.
   rCorr:     It protects you from acid and corrosion.
   Drain:     It drains your maximum health when unequipped.
Missiles
 I - 2 throwing nets
 S - 18 boomerangs
 Z - 7 silver javelins
Armour
 c - the +0 hat "Paghev" (worn) {rN+ Str+3 Dex+4}
   (You acquired it on level 1 of the Dungeon)

   Str:       It affects your strength (+3).
   Dex:       It affects your dexterity (+4).
   rN:        It protects you from negative energy.
 x - a +0 pair of boots (worn)
 M - a +2 pair of gloves of hurling (worn)
 T - a +1 cloak (worn)
Jewellery
 f - a ring of willpower
 k - the ring "Quufi" (left hand) {rC+ Dex+6}
   (You bought it in a shop on level 2 of the Snake Pit)

   [ring of dexterity]

   Dex:       It affects your dexterity (+6).
   rC:        It protects you from cold.
 q - a ring of poison resistance
 z - the ring of Taiss (right hand) {Int+4 Dex+6}
   (You found it on level 4 of the Dungeon)

   [ring of dexterity]

   Int:       It affects your intelligence (+4).
   Dex:       It affects your dexterity (+6).
 L - a +5 ring of evasion
 Q - the ring of Qeutzuel {rC+ rCorr Int+2 SInv}
   (You took it off a centaur warrior on level 14 of the Dungeon)

   [ring of see invisible]

   Int:       It affects your intelligence (+2).
   rC:        It protects you from cold.
   SInv:      It lets you see invisible.
   rCorr:     It protects you from acid and corrosion.
 V - a ring of protection from fire
 X - an amulet of reflection (around neck)
Wands
 j - a wand of flame (41)
 v - a wand of mindburst (20)
 D - a wand of iceblast (41)
 F - a wand of polymorph (10)
 H - a wand of paralysis (21)
 P - a wand of digging (12)
Scrolls
 a - 2 scrolls of magic mapping
 d - 8 scrolls of poison
 e - 3 scrolls of torment
 g - a scroll of butterflies
 l - 7 scrolls of blinking
 m - 7 scrolls of amnesia
 o - 16 scrolls of teleportation {@r4}
 s - 5 scrolls of immolation
 t - a scroll of fog
 y - 5 scrolls of noise
 E - 21 scrolls of identify {@r1}
 J - 4 scrolls of vulnerability
 R - 7 scrolls of fear
 Y - 3 scrolls of silence
Potions
 b - 3 potions of ambrosia
 h - 10 potions of haste {@q3}
 p - 2 potions of berserk rage
 r - 6 potions of flight
 u - 4 potions of curing {@q1}
 w - 9 potions of lignification
 A - 2 potions of resistance
 B - 5 potions of heal wounds {@q2}
 C - 6 potions of mutation
 G - 6 potions of might
 K - 9 potions of brilliance
 N - 3 potions of cancellation
 O - 4 potions of magic
 U - a potion of attraction
Miscellaneous
 n - a tin of tremorstones (2/2)


   Skills:
 - Level 16.0 Fighting
 - Level 22.0 Long Blades
 + Level 14.5 Dodging
 - Level 3.9 Stealth
 + Level 5.8 Transmutations
 + Level 5.8 Earth Magic
 - Level 15.0 Invocations


You had 10 spell levels left.
You knew the following spells:

 Your Spells              Type           Power      Damage    Failure   Level
a - Statue Form           Tmut/Erth      11%        N/A       98%         6

Your spell library contained the following spells:

 Spells                   Type           Power      Damage    Failure   Level
 Passwall                 Tmut/Erth      14%        N/A       3%          2
 Magic Dart               Conj           0%         1d3       26%         1
 Petrify                  Tmut/Erth      17%        N/A       26%         4
 Ensorcelled Hibernation  Hex/Ice        0%         N/A       38%         2
 Searing Ray              Conj           0%         2d4       38%         2
 Blade Hands              Tmut           8%         N/A       56%         5
 Lee's Rapid Deconstruct  Erth           8%         3d7*      56%         5
 Frozen Ramparts          Ice            0%         1d1       63%         3
 Kindle Blastsparks       Fire/Tloc/Air  0%         2d10      63%         3
 Portal Projectile        Hex/Tloc       0%         N/A       63%         3
 Swiftness                Air            0%         N/A       63%         3
 Tukima's Dance           Hex            0%         N/A       63%         3
 Ice Form                 Ice/Tmut       8%         N/A       63%         4
 Irradiate                Conj/Tmut      4%         3d13      93%         5
 Fulminant Prism          Conj/Hex       0%         3d5       95%         4
 Iskenderun's Mystic Bla  Conj/Tloc      0%         2d3       95%         4
 Summon Ice Beast         Ice/Summ       0%         N/A       95%         4
 Metabolic Englaciation   Hex/Ice        0%         N/A       100%        5
 Summon Mana Viper        Hex/Summ       0%         N/A       100%        5
 Dragon Form              Tmut           8%         N/A       100%        7
 Monstrous Menagerie      Summ           0%         N/A       100%        7


Dungeon Overview and Level Annotations

Branches:
Dungeon (15/15)            Temple (0/1) D:4            Lair (5/5) D:8
  Swamp (4/4) Lair:2        Snake (2/4) Lair:2        Slime (0/5) Lair:5
    Orc (2/2) D:10            Elf (0/3) Orc:2        Depths (0/4) D:15
 Bailey (visited)           IceCv (visited)         Gauntlet (visited)
 Vaults: D:13-14

Altars:
Ashenzari
Cheibriados
Elyvilon
Fedhas
Gozag
Hepliaklqana
Okawaru
Trog
Uskayaw
Wu Jian
Xom
Yredelemnul
Zin
The Shining One
Jiyva

Shops:
D:3 ?(=   D:10 [   Orc:2 *!:[:   Snake:2 =*:

Portals:
Abyss: Lair:3
Pandemonium: Orc:2

Annotations:
D:5 2 transporters, dracfodder's ghost, amateur DrCj
D:8 2 transporters, Juicyj's ghost, amateur MiFi
Lair:2 1 runed translucent door, wormed's ghost, journeyman GnWn
Lair:3 2 transporters, wormed's ghost, journeyman VSFi
Snake:2 3 runed translucent doors, exclusion: obsidian statue


Innate Abilities, Weirdness & Mutations

You can breathe blasts of scalding, opaque steam.
Your pale cyan-grey scales are hard. (AC +9)
You cannot fit into any form of body armour.
You are cold-blooded and may be slowed by cold attacks.
You are immune to the effects of steam.


Message History

The nagaraja is moderately wounded.
You feel very sick. The nagaraja barely misses you.
The nagaraja constricts you. The nagaraja casts a spell at you.
You feel firmly anchored in space. The nagaraja constricts you.
You slice the nagaraja!!
You tail-slap the nagaraja, but do no damage.
The nagaraja is heavily wounded.
You feel very sick. The nagaraja hits you with a +0 whip!
The nagaraja constricts you.
* * * LOW HITPOINT WARNING * * *
You slice the nagaraja!!
The nagaraja is severely wounded.
You feel very sick. The nagaraja spits poison at you.
The splash of poison hits you but does no damage.
You are more poisoned.
The nagaraja constricts you.
* * * LOW HITPOINT WARNING * * *
You slash the nagaraja!
You tail-slap the nagaraja, but do no damage.
The nagaraja is almost dead.
You feel very sick.
The nagaraja gestures at you while chanting.
The bolt of poison misses you. The nagaraja constricts you.
* * * LOW HITPOINT WARNING * * *
You hit the nagaraja.
You tail-slap the nagaraja, but do no damage.
The nagaraja is almost dead.
You feel very sick. The nagaraja casts a spell at you.
The bolt of poison misses you. The nagaraja constricts you.
You completely miss the nagaraja.
You tail-slap the nagaraja, but do no damage.
The nagaraja is almost dead.
You feel very sick.
The nagaraja points at you and mumbles some strange words.
The poison arrow hits you!!!
You are lethally poisoned!
You die...

#..#$$$$N#...♣♣
###..+.$$. #...##
####....+$_8$ ###...
.....#..+$$$ ###.
.......#)$ ###..<
.....## #.[...
#.#.#########...
###......##.......
#@.............#.#
......)N##..########.#.#
.~~~...###.## #[...
~~~P~.. #..# #..##
~.~~~.. #.## #.##
.~≈~.~P #. ##.# #
~~≈≈~♣. #. ######..###
~.≈≈.~. .. #..........
~~~ ###.##.####


You could see a nagaraja (fast).

Vanquished Creatures
  Vashnia (Snake:1)
  Asterion (Snake:2)
  Gastronok (Lair:1)
  A storm dragon (D:13)
  2 nagarajas (Snake:2)
  Aizul (Snake:1)
  A very ugly thing (D:14)
  An eleionoma (Swamp:2)
  Nessos (D:14)
  Azrael (D:15)
  4 bunyips
  4 fire dragons
  An ettin (D:15)
  A shambling mangrove (Swamp:1)
  2 ice dragons
  3 vault guards
  16 hydras
  6 anacondas
  2 ghost crabs
  An ogre mage (D:14)
  7 centaur warriors
  3 demonspawn (Orc:2)
  4 boulder beetles
  A catoblepas (D:14)
  5 tengu warriors
  3 death yaks (D:8)
  2 two-headed ogres
  5 alligators
  A shock serpent (Snake:1)
  3 naga sharpshooters
  10 spriggans
  A sun demon (Gauntlet)
  6 orc high priests
  2 fire crabs
  A shadow wraith (D:13)
  2 salamander mystics
  Amaemon (Lair:1)
  A sea snake (Snake:2)
  A deep troll (D:15)
  An iron troll (D:13)
  5 goliath frogs
  11 swamp dragons
  Lodul (D:12)
  5 bog bodies
  2 spriggan druids
  An obsidian statue (IceCv)
  2 wizards (D:15)
  9 spriggan simulacra (IceCv)
  Pikel (D:7)
  A necromancer (Gauntlet)
  6 orc knights
  A wolf spider (D:14)
  A naga ritualist (Snake:2)
  3 deep elf pyromancers
  6 mana vipers
  22 ugly things
  5 manticores
  8 orc sorcerers
  5 will-o-the-wisps
  6 cyclopes
  A moth of wrath (Gauntlet)
  8 salamanders
  13 black mambas
  16 cane toads
  A guardian serpent (Snake:2)
  A hellion (Gauntlet)
  A gargoyle (D:11)
  4 naga magi
  Maggie (D:7)
  A cane toad (shapeshifter) (D:13)
  An orange demon (Lair:1)
  An efreet (D:14)
  2 torpor snails
  3 rime drakes
  2 kobold demonologists
  A tengu conjurer (D:14)
  2 anaconda simulacra (IceCv)
  A golden dragon simulacrum (IceCv)
  A freezing wraith (IceCv)
  8 ice devils
  10 komodo dragons
  A polar bear (Lair:1)
  A red devil (Orc:2)
  A queen bee (shapeshifter) (D:14)
  13 trolls
  13 tyrant leeches
  A hornet (shapeshifter) (D:14)
  A polar bear (shapeshifter) (D:14)
  Grinder (D:5)
  Prince Ribbit (Bailey)
  11 hornets
  18 blink frogs
  A jumping spider (shapeshifter) (D:13)
  8 dream sheep (Lair:4)
  13 slime creatures
  2 centaur simulacra
  2 dire elephant simulacra (IceCv)
  2 shadows
  4 wraiths
  5 wyverns
  Sigmund (D:5)
  68 yaks
  Grum (D:8)
  7 humans (Bailey)
  A basilisk (shapeshifter) (D:10)
  3 vampire mosquitoes
  3 fire elementals
  4 basilisks
  4 steam dragons
  6 minotaur simulacra (IceCv)
  5 wargs
  12 nagas
  2 acid dragons
  16 swamp worms
  An acid dragon (shapeshifter) (D:14)
  19 water moccasins
  7 hell hounds
  10 swamp drakes
  2 black bears (D:5)
  2 ice beasts
  A sky beast (D:6)
  26 orc warriors
  3 ettin simulacra (IceCv)
  17 ogres
  28 wolves
  5 boggarts (D:12)
  6 centaurs
  A kobold brigand (D:11)
  A phantom (D:7)
  20 bullfrogs
  11 deep troll simulacra (IceCv)
  4 necrophages
  A gnoll sergeant (D:10)
  5 scorpions
  15 wights
  3 electric eels
  6 howler monkeys
  A lava snake (D:13)
  2 hounds (D:4)
  19 orc priests
  A jelly (D:6)
  5 iguanas
  12 orc wizards
  A river rat (D:8)
  16 adders
  15 gnolls
  A white imp (D:7)
  3 ufetubi
  3 dart slugs
  57 orcs
  4 bats
  12 endoplasms
  4 giant cockroaches (D:1)
  11 goblins
  9 hobgoblins
  9 jackals (D:1)
  10 kobolds
  3 quokkas
  5 ball pythons
  4 rats
924 creatures vanquished.

Vanquished Creatures (collateral kills)
  Rupert (D:14)
  An Ice Fiend (IceCv)
  A minotaur (Gauntlet)
  A death knight (D:14)
  An orc knight (Orc:2)
  A smoke demon (Orc:2)
  A rust devil (Orc:2)
  An anaconda simulacrum (IceCv)
  A dire elephant simulacrum (IceCv)
  A basilisk (D:14)
  A chaos spawn (Orc:2)
  6 orc warriors (Orc:2)
  An alligator simulacrum (IceCv)
  A deep troll simulacrum (IceCv)
  A lindwurm simulacrum (IceCv)
  3 orc priests (Orc:2)
  2 orcs (Orc:2)
25 creatures vanquished.

Vanquished Creatures (others)
  A hydra (Swamp:4)
  An alligator (Swamp:3)
  Sonja (Orc:1)
  A goliath frog (Swamp:3)
  2 lindwurms (Swamp:4)
  A tyrant leech (Swamp:3)
  2 bloated husks
  A spriggan (Swamp:3)
  A water elemental (D:14)
  A steam dragon (Swamp:4)
  A swamp worm (Swamp:3)
  3 swamp drakes (Swamp:4)
  An orc wizard (D:9)
  An orc (D:9)
  A quokka (D:9)
  30 foxfires
  19 fungi
  46 plants
114 creatures vanquished.

Grand Total: 1063 creatures vanquished

Notes
Turn   | Place    | Note
-------+----------+-------------------------------------------
     0 | D:1      | freelancePsychic the Draconian Monk began the quest for the
                  | Orb.
     0 | D:1      | Reached XP level 1. HP: 19/19 MP: 1/1
    57 | D:1      | Reached XP level 2. HP: 15/26 MP: 2/2
   411 | D:1      | Reached XP level 3. HP: 21/31 MP: 3/3
   842 | D:1      | Identified a scroll of acquirement
   844 | D:1      | Acquired the +0 hat "Paghev" {rN+ Str+3 Dex+4}
  1087 | D:2      | Reached XP level 4. HP: 38/38 MP: 4/4
  1453 | D:2      | Found a faded altar of an unknown god.
  1617 | D:3      | Found a glowing golden altar of the Shining One.
  1620 | D:3      | Became a worshipper of the Shining One
  1620 | D:3      | Reached * piety under the Shining One
  1620 | D:3      | Reached ** piety under the Shining One
  1630 | D:3      | Found Vigruvuck's Jewellery Boutique.
  2136 | D:3      | Found Hyottubo's Antique Weapon Emporium.
  2137 | D:3      | Found Beuzxid's Magic Scroll Emporium.
  2144 | D:3      | Bought a scroll of identify for 28 gold pieces
  2144 | D:3      | Bought a scroll of identify for 28 gold pieces
  2144 | D:3      | Bought a scroll of teleportation for 42 gold pieces
  2144 | D:3      | Bought a scroll of identify for 28 gold pieces
  2213 | D:3      | Found a hazy altar of Hepliaklqana.
  2706 | D:4      | Reached skill level 4 in Long Blades
  2715 | D:4      | Reached skill level 1 in Invocations
  2769 | D:4      | Reached XP level 5. HP: 45/45 MP: 5/5
  2792 | D:4      | Identified the ring of Taiss {Int+4 Dex+6}
  2942 | D:4      | Reached XP level 6. HP: 52/52 MP: 7/7
  3007 | D:4      | Reached skill level 5 in Long Blades
  3032 | D:4      | Reached skill level 5 in Fighting
  3032 | D:4      | Your scales start taking on a pale cyan-grey colour.
  3032 | D:4      | Reached XP level 7. HP: 34/61 MP: 9/9
  3032 | D:4      | Gained mutation: You are immune to the effects of steam.
                  | [Pale Draconian growth]
  3307 | D:4      | Found a staircase to the Ecumenical Temple.
  3425 | D:4      | Found a hide-covered altar of Uskayaw.
  3466 | D:4      | Found a basalt altar of Yredelemnul.
  3466 | D:4      | Found a shimmering altar of Xom.
  3468 | D:4      | Found a bloodstained altar of Trog.
  3468 | D:4      | Found a sparkling altar of Nemelex Xobeh.
  3468 | D:4      | Found a bloodstained altar of Trog.
  3610 | D:5      | Entered Level 5 of the Dungeon
  3645 | D:5      | Noticed Sigmund
  3656 | D:5      | Killed Sigmund
  3657 | D:5      | Reached skill level 6 in Long Blades
  3718 | D:5      | Reached XP level 8. HP: 64/70 MP: 11/11
  3776 | D:5      | Found a transporter.
  3776 | D:5      | Found a transporter.
  3781 | D:5      | Noticed dracfodder's ghost (amateur DrCj)
  4022 | D:5      | Noticed Grinder
  4034 | D:5      | Paralysed by Grinder for 2 turns
  4036 | D:5      | Killed Grinder
  4037 | D:5      | Reached skill level 5 in Invocations
  4171 | D:5      | Reached skill level 7 in Long Blades
  4489 | D:6      | Found a broken altar of Ashenzari.
  4489 | D:6      | You fall into a shaft and drop 3 floors!
  4500 | D:8      | Reached *** piety under the Shining One
  4661 | D:7      | Reached XP level 9. HP: 78/78 MP: 13/13
  4701 | D:7      | Noticed Maggie
  4717 | D:7      | Killed Maggie
  4718 | D:7      | Reached skill level 8 in Long Blades
  4852 | D:7      | Noticed Pikel
  4870 | D:7      | Killed Pikel
  4982 | D:7      | Reached skill level 5 in Dodging
  5168 | D:7      | Reached skill level 9 in Long Blades
  5173 | D:7      | Found a flagged portal.
  5179 | Bailey   | Entered a bailey
  5378 | Bailey   | Reached XP level 10. HP: 79/88 MP: 15/15
  5529 | Bailey   | Noticed Prince Ribbit
  5529 | Bailey   | Noticed a vault guard
  5532 | Bailey   | Killed Prince Ribbit
  5533 | Bailey   | Reached skill level 10 in Long Blades
  5563 | Bailey   | Killed a vault guard
  5796 | Bailey   | Noticed a vault guard
  5829 | Bailey   | Killed a vault guard
  6314 | D:7      | Found a blossoming altar of Fedhas.
  6682 | D:6      | Found a snail-covered altar of Cheibriados.
  6753 | D:6      | Reached **** piety under the Shining One
  7099 | D:6      | Reached skill level 11 in Long Blades
  7322 | D:8      | Found a transporter.
  7322 | D:8      | Noticed Juicyj's ghost (amateur MiFi)
  7415 | D:8      | Reached XP level 11. HP: 66/97 MP: 17/17
  7570 | D:8      | Noticed a death yak
  7712 | D:3      | Bought a crystal long sword for 204 gold pieces
  7712 | D:3      | Identified the +4 long sword "Goblinbane" {flame, Drain
                  | +Blink rF++ rCorr} (You bought it in a shop on level 3 of
                  | the Dungeon)
  7827 | D:8      | Noticed Grum
  7838 | D:8      | Killed Grum
  7873 | D:8      | Noticed a death yak
  7881 | D:8      | Noticed a death yak
  7899 | D:8      | Killed a death yak
  7904 | D:8      | Killed a death yak
  7906 | D:8      | Killed a death yak
  7907 | D:8      | Reached skill level 12 in Long Blades
  8059 | D:8      | Found a staircase to the Lair.
  8253 | D:8      | Found a transporter.
  8350 | D:9      | Reached skill level 10 in Fighting
  8464 | D:9      | Found a white marble altar of Elyvilon.
  8618 | D:9      | Found an iron altar of Okawaru.
  8677 | D:9      | Noticed a two-headed ogre
  8688 | D:9      | Killed a two-headed ogre
  9031 | D:10     | Entered Level 10 of the Dungeon
  9079 | D:10     | Found Jedwanul's Armour Shoppe.
  9081 | D:10     | Found a staircase to the Orcish Mines.
  9988 | D:10     | Acquired an amulet of reflection
 10163 | D:11     | Reached XP level 12. HP: 110/110 MP: 18/18
 10321 | D:11     | Found a hide-covered altar of Uskayaw.
 10420 | D:11     | Noticed a boulder beetle
 10469 | D:11     | Killed a boulder beetle
 10470 | D:11     | Reached skill level 13 in Long Blades
 10857 | Lair:1   | Entered Level 1 of the Lair of Beasts
 11300 | Lair:1   | Noticed Gastronok
 11326 | Lair:1   | Killed Gastronok
 11545 | Lair:1   | Reached ***** piety under the Shining One
 11653 | Lair:1   | Noticed Amaemon
 11679 | Lair:1   | Killed Amaemon
 11680 | Lair:1   | Reached skill level 14 in Long Blades
 12432 | Lair:2   | Found a gate leading to a gauntlet.
 12446 | Gauntlet | Entered a Gauntlet
 12446 | Gauntlet | Found a transporter.
 12446 | Gauntlet | Found a transporter.
 12482 | Gauntlet | Found a transporter.
 12486 | Gauntlet | Found a transporter.
 12490 | Gauntlet | Found a runed translucent door.
 12492 | Gauntlet | Found a runed translucent door.
 12494 | Gauntlet | Found a transporter.
 12498 | Gauntlet | Found a transporter.
 12506 | Gauntlet | Found a transporter.
 12522 | Gauntlet | Found a transporter.
 12523 | Gauntlet | Noticed an entropy weaver
 12536 | Gauntlet | Found a transporter.
 12540 | Gauntlet | Found a transporter.
 12541 | Gauntlet | Found a runed translucent door.
 12551 | Gauntlet | Found a transporter.
 12552 | Gauntlet | Found a transporter.
 12684 | Gauntlet | Reached XP level 13. HP: 98/118 MP: 20/20
 12841 | Gauntlet | Noticed a minotaur
 12850 | Gauntlet | Killed a minotaur
 13059 | Lair:2   | Found a runed translucent door.
 13060 | Lair:2   | Found a shimmering altar of Xom.
 13060 | Lair:2   | Noticed wormed's ghost (journeyman GnWn)
 13060 | Lair:2   | Identified the +10 rapier "Joshras" {chaos, *Noise rC+++
                  | Str-4 Stlth+}
 13077 | Lair:2   | Found a staircase to the Swamp.
 13091 | Lair:2   | Found a staircase to the Snake Pit.
 13979 | Lair:3   | Reached skill level 10 in Invocations
 14070 | Lair:3   | Reached skill level 10 in Dodging
 14403 | Lair:3   | Reached skill level 15 in Long Blades
 14506 | Lair:3   | Found a transporter.
 14512 | Lair:3   | Found a one-way gate to the infinite horrors of the Abyss.
 14512 | Lair:3   | Noticed wormed's ghost (journeyman VSFi)
 14516 | Lair:3   | Found a transporter.
 15072 | Lair:4   | Identified the +12 war axe of Yesterday {heavy, rC+}
 15348 | Lair:4   | Found a glowing silver altar of Zin.
 15784 | Lair:5   | Entered Level 5 of the Lair of Beasts
 16043 | Lair:5   | Reached XP level 14. HP: 120/129 MP: 22/22
 16379 | Lair:5   | Found a viscous altar of Jiyva.
 16382 | Lair:5   | Found a staircase to the Slime Pits.
 16489 | Lair:5   | Reached skill level 16 in Long Blades
 17523 | Orc:1    | Entered Level 1 of the Orcish Mines
 17524 | Orc:1    | Noticed Sonja
 17663 | Orc:1    | Killed Sonja
 18080 | Orc:2    | Entered Level 2 of the Orcish Mines
 18092 | Orc:2    | Found a staircase to the Elven Halls.
 18206 | Orc:2    | Found Suwulol's Self-Improvement Boutique.
 18224 | Orc:2    | Bought a manual of Long Blades for 1280 gold pieces
 18359 | Orc:2    | Found Peutana's Distillery.
 18369 | Orc:2    | Found Noli's General Store.
 18689 | Orc:2    | Reached ****** piety under the Shining One
 18992 | Orc:2    | Reached skill level 17 in Long Blades
 19654 | Orc:2    | Found Waekines's Antique Armour Shop.
 19654 | Orc:2    | Found Afuxinuf's Book Boutique.
 19655 | Orc:2    | Found a one-way gate leading to the halls of Pandemonium.
 19748 | D:12     | Noticed Lodul
 19766 | D:12     | Killed Lodul
 19975 | Orc:2    | Bought a potion of magic for 104 gold pieces
 19975 | Orc:2    | Bought a potion of heal wounds for 65 gold pieces
 19975 | Orc:2    | Bought a potion of haste for 130 gold pieces
 19975 | Orc:2    | Bought a potion of degeneration for 13 gold pieces
 20030 | D:12     | Reached skill level 18 in Long Blades
 20607 | D:12     | Reached XP level 15. HP: 139/139 MP: 24/24
 20756 | D:12     | Noticed a fire giant
 21096 | D:13     | Noticed a storm dragon
 21121 | D:13     | Killed a storm dragon
 21122 | D:13     | Reached skill level 19 in Long Blades
 21800 | D:13     | Reached skill level 15 in Fighting
 22145 | D:13     | Reached skill level 20 in Long Blades
 22211 | D:13     | Found the +8 Wrath of Trog {antimagic, *Rage Rampage}
 22590 | D:14     | Reached skill level 21 in Long Blades
 23440 | D:14     | Identified the +1 sling of the Spectre {drain, rCorr Int+3}
 23459 | D:14     | Identified the ring of Qeutzuel {rC+ rCorr Int+2 SInv}
 23864 | D:14     | Noticed Rupert
 23879 | D:14     | Killed Rupert
 24054 | D:14     | Noticed Nessos
 24079 | D:14     | Killed Nessos
 24563 | D:15     | Entered Level 15 of the Dungeon
 24630 | D:15     | Found an ornate altar of the Wu Jian Council.
 24655 | D:15     | Reached skill level 22 in Long Blades
 24819 | D:15     | Noticed Azrael
 24864 | D:15     | Killed Azrael
 24886 | D:15     | Reached XP level 16. HP: 112/149 MP: 25/25
 25654 | D:15     | Found a staircase to the Depths.
 25851 | Swamp:1  | Entered Level 1 of the Swamp
 27886 | Swamp:2  | Acquired 259 gold pieces
 29467 | Swamp:4  | Entered Level 4 of the Swamp
 29717 | Swamp:4  | Found a frozen archway.
 29783 | IceCv    | Entered an ice cave
 30498 | IceCv    | Noticed an Ice Fiend
 30503 | IceCv    | Killed an Ice Fiend
 30508 | IceCv    | Reached XP level 17. HP: 99/158 MP: 21/27
 31897 | Swamp:4  | Reached skill level 1 in Earth Magic
 31897 | Swamp:4  | Reached skill level 15 in Invocations
 31948 | Swamp:4  | Reached skill level 1 in Transmutations
 32308 | Swamp:4  | Got a decaying rune of Zot
 33318 | Orc:2    | Bought a book of Sloth for 468 gold pieces
 33325 | Orc:2    | Learned a level 6 spell: Statue Form
 33470 | Snake:1  | Entered Level 1 of the Snake Pit
 33543 | Snake:1  | Identified a +3 triple sword of holy wrath (a +1 triple
                  | sword of flaming blessed by the Shining One)
 33543 | Snake:1  | Received a gift from the Shining One
 33738 | Snake:1  | Acquired 1060 gold pieces
 33841 | Snake:1  | Noticed Aizul
 33856 | Snake:1  | Killed Aizul
 34905 | Snake:2  | Found Ohumm's Jewellery Shop.
 34917 | Snake:2  | Found Jeschi's General Store.
 34919 | Snake:2  | Found Qimmowo's Book Shop.
 34935 | Snake:2  | Bought the ring "Quufi" {rC+ Dex+6} for 700 gold pieces
 34984 | Snake:2  | Reached skill level 5 in Earth Magic
 35104 | Snake:2  | Reached skill level 5 in Transmutations
 35116 | Snake:2  | Noticed Asterion
 35137 | Snake:2  | Killed Asterion
 35323 | Snake:2  | Noticed Vashnia
 35335 | Snake:1  | Killed Vashnia
 35572 | Snake:2  | Found a runed translucent gate.
 35572 | Snake:2  | Found a runed translucent gate.
 35572 | Snake:2  | Found an opulent altar of Gozag.
 35572 | Snake:2  | Found a runed translucent gate.
 35608 | Snake:2  | Killed from afar by a nagaraja

Illustrated notes

Levels and vault maps discovered:
D:1:      psy_arrival_fountain, layout_basic
D:2:      layout_basic, dilly_ecumenical_altar_fadedgnrine,
          reono_crystal_passage
D:3:      layout_loops_corners, nicolae_hepliaklqana_hippocampus,
          tso_oasis_becter, serial_shops, nicolae_diamond_shop, shop,
          nicolae_diamond_shop, chequers_avenue, chequers_hall_statues_corner_a,
          chequers_serial_rivers_large_b
D:4:      layout_cave_pools, doesnt_xom_only_xom, minmay_temple_entry_offerings,
          minmay_divided_ellipse
D:5:      minmay_evil_eye, layout_loops_ring, gammafunk_ghost_hive,
          uniq_grinder, uniq_sigmund
D:6:      layout_loops_ring, mainiacjoe_overflow_alcove_1,
          nicolae_overflow_hidden_temple
D:7:      layout_basic, marbit_many_paths, enter_bailey_3, uniq_maggie,
          uniq_pikel
D:8:      layout_rooms, dpeg_lair_monsters, gammafunk_ghost_arena, st_stairs_14,
          hangedman_decor_lopped, uniq_grum
D:9:      layout_roguey, elyvilon_altar_4, mainiacjoe_overflow_tiny_flanked
D:10:     layout_irregular_city, orc_david_3, grunt_ministairs_7,
          corexii_hall_statues_l, minivault_11, hangedman_corner_corridor
D:11:     layout_gridville, nicolae_uskayaw_dance_studio
D:12:     layout_basic, onia_ninara_dug_in_and_dangerous, uniq_lodul
D:13:     nzn_winding_woodlands_cross [nzn_winding_woodlands_5x15_default,
          nzn_winding_woodlands_5x15_garden, nzn_winding_woodlands_5x15_parted,
          nzn_winding_woodlands_5x15_cabin,
          nzn_winding_woodlands_15x15_boxy_spiral], layout_rooms,
          david_vaults_4, nicolae_lava_and_water
D:14:     minmay_the_grid_octo_tiled_octocenter
          [minmay_the_grid_octo_thin_diamonds, minmay_the_grid_octo_clover,
          minmay_the_grid_octo_teeth, minmay_the_grid_octo_tetromino_candy,
          minmay_the_grid_octo_prize_star, minmay_the_grid_square_5x5_eight,
          minmay_the_grid_square_5x5_hollow_slash,
          minmay_the_grid_square_5x5_shuriken,
          minmay_the_grid_square_5x5_inner_z], layout_basic,
          chequers_serial_rivers_micro_b, uniq_nessos, uniq_rupert
D:15:     hangedman_depths_entry_civil_slaughter, layout_cave_pools,
          nicolae_wu_jian_wuxing_cycle, uniq_azrael
Lair:1:   layout_chaotic_city, uniq_gastronok, uniq_amaemon
Lair:2:   layout_cave_pods, skrybe_swamp_entry_bodies,
          guppyfry_snake_entry_island, ebering_ghost_xom,
          gauntlet_entry_generic, chequers_serial_rivers_large_a,
          serial_bayou_shore_a
Lair:3:   layout_regular_city, gammafunk_ghost_abyssal_escape,
          columned_hall_lemuel
Lair:4:   layout_roguey, basic_altar, cheibrodos_lair_reptile_den
Lair:5:   guppyfry_lair_end_dragon, layout_regular_city, slime_entry_1,
          grunt_megastairs_4
Swamp:1:  layout_falls_marsh, serial_swamp_ruin, evilmike_swamp_ruin_rubble_1,
          evilmike_swamp_ruin_house_1, swamp_pool5, hangedman_swamp_wriggling
Swamp:2:  layout_basic_swamp, nicolae_swamp_dense_foliage, swamp_pool1
Swamp:3:  layout_basic_swamp, evilmike_swamp_ruin_wall
Swamp:4:  swamp_fiery, layout_basic_swamp, portal_ice_cave_entry_dragon
Snake:1:  layout_gridlike, uniq_aizul
Snake:2:  layout_rooms, serial_bayou, serial_bayou_crossing,
          serial_bayou_shore_b, serial_bayou_pond_e, serial_bayou_pond_b,
          ebering_ghost_gozag, minmay_shop_star, uniq_vashnia, uniq_asterion,
          uniq_jorgrun
Orc:1:    layout_caves, uniq_sonja
Orc:2:    pf_orc_diabolical, layout_caves, nicolae_shop_self_help

Skill      XL: |  1  2  3  4  5  6  7  8  9 10 11 12 13 14 15 16 17 |
---------------+----------------------------------------------------+-----
Stealth        | 2 3 |  3.9
Long Blades    | 4 5 6 7 9 11 12 14 15 18 22 | 22.0
Invocations    | 1 2 3 4 5 7 8 9 11 12 14 15 | 15.0
Fighting       | 4 5 6 8 9 11 12 13 14 15 16 | 16.0
Dodging        | 3 4 5 6 8 9 10 11 13 14 | 14.5
Earth Magic    | 5 |  5.8
Transmutations | 5 |  5.8

Action                   |  1- 3 |  4- 6 |  7- 9 | 10-12 | 13-15 | 16-18 || total
-------------------------+-------+-------+-------+-------+-------+-------++-------
Melee: Falchion          |   118 |   127 |   196 |   174 |       |       ||   615
       Tailslap          |    15 |    21 |    43 |   124 |   296 |   167 ||   666
       Punch             |     1 |     2 |     3 |     8 |    19 |       ||    33
       Long sword        |       |       |       |   349 |  1244 |    58 ||  1651
       Triple sword      |       |       |       |       |       |   709 ||   709
Invok: Divine Shield     |       |       |     4 |     6 |    11 |     6 ||    27
       Summon Divine War |       |       |       |       |     6 |     1 ||     7
       Cleansing Flame   |       |       |       |       |     2 |     6 ||     8
       Brand Weapon With |       |       |       |       |       |     1 ||     1
 Abil: Breathe Steam     |       |       |    19 |    60 |    89 |    18 ||   186
Evoke: Wand              |       |       |       |    13 |     2 |       ||    15
       Tin of tremorston |       |       |       |       |     5 |       ||     5
  Use: Scroll            |     5 |     3 |     5 |    10 |    13 |    13 ||    49
       Potion            |       |       |       |     1 |     6 |     9 ||    16
 Stab: Sleeping          |     6 |     1 |       |       |       |       ||     7
Armor: Skin              |    35 |    47 |    47 |    82 |   232 |   144 ||   587
Dodge: Dodged            |    74 |   108 |   129 |   343 |   846 |   688 ||  2188
Block: Other             |       |       |    14 |    63 |   347 |   179 ||   603
       Reflection        |       |       |       |       |    14 |    10 ||    24

Table legend: (Time is in decaauts)
 A = Elapsed time spent in this place.
 B = Non-inter-level travel time spent in this place.
 C = Inter-level travel time spent in this place.
 D = Time resting spent in this place.
 E = Time spent auto-exploring this place.
 F = Levels seen in this place.
 G = Mean time per level.
                   A        B        C        D        E       F      G
               +--------+--------+--------+--------+--------+-----+--------+
         Total |  35381 |  33375 |   2006 |   2693 |  24462 |  31 | 1141.3 |
       Dungeon |  16194 |  14927 |   1267 |   1010 |  10875 |  15 | 1079.6 |
          Lair |   6227 |   5877 |    350 |    109 |   4753 |   5 | 1245.4 |
         Swamp |   6457 |   6279 |    178 |   1056 |   4330 |   4 | 1614.2 |
     Snake Pit |   2080 |   2060 |     20 |    314 |   1425 |   2 | 1040.0 |
  Orcish Mines |   2150 |   1961 |    189 |      0 |   1589 |   2 | 1075.0 |
        Bailey |    800 |    800 |      0 |    194 |    406 |   1 |  800.0 |
      Ice Cave |   1010 |   1010 |      0 |      0 |    824 |   1 | 1010.0 |
      Gauntlet |    460 |    460 |      0 |     10 |    258 |   1 |  460.0 |
               +--------+--------+--------+--------+--------+-----+--------+

Top non-repeatable levels by time:
    D:14: 2300 daAuts
 Swamp:4: 1878 daAuts
 Swamp:3: 1799 daAuts
    D:13: 1702 daAuts
   Orc:2: 1692 daAuts
  Lair:1: 1653 daAuts
  Lair:5: 1571 daAuts
 Swamp:1: 1475 daAuts
 Snake:1: 1420 daAuts
 Swamp:2: 1304 daAuts
     D:3: 1198 daAuts
  Lair:2: 1195 daAuts
    D:10: 1188 daAuts
     D:8: 1067 daAuts
   IceCv: 1010 daAuts
